Map: Lerilak Crest

Players

Neeb - Winner!

  • Race: Protoss Protoss

Hydra

  • Race: Zerg Zerg

Event: 2016 WCS Winter Circuit Championship

VOD

Have the link to the VOD?

Description

Time

  • Played on: March 4, 2016, 8:33 a.m.
  • Length: 11:00

All games in this series

Show
View Real Time Build Order
Export as new Build Order

Neeb Protoss - Winner!

Build Orders: 1 Gate Expand, Zealot Archon, Dark Templar Rush 

Get SALT Encoding   

  12  0:00  Probe (Chrono Boost)  
  13  0:11  Probe (Chrono Boost)  
  14  0:18  Pylon  
  14  0:22  Probe (Chrono Boost)  
  15  0:36  Probe (Chrono Boost)  
  15  0:37  Gateway  
  16  0:46  Probe (Chrono Boost)  
  18  0:57  Probe (Chrono Boost)  
  18  0:58  Assimilator  
  18  1:07  Probe (Chrono Boost)  
  19  1:20  Nexus  
  19  1:24  Probe (Chrono Boost)  
  20  1:33  Cybernetics Core  
  20  1:36  Probe (Chrono Boost)  
  21  1:41  Assimilator  
  22  1:47  Probe (Chrono Boost)  
  22  1:54  Pylon  
  22  1:57  Probe (Chrono Boost)  
  23  2:10  Warp Gate  
  23  2:12  Probe, Adept (Chrono Boost)  
  26  2:24  Probe (Chrono Boost)  
  27  2:32  Probe (Chrono Boost)  
  27  2:35  Stalker (Chrono Boost)  
  27  2:36  Mothership Core (Chrono Boost)  
  32  2:43  Probe (Chrono Boost)  
  33  2:53  Twilight Council, Probe x2 (Chrono Boost)  
  35  3:03  Probe (Chrono Boost)  
  36  3:05  Probe (Chrono Boost)  
  36  3:11  Pylon  
  37  3:15  Probe (Chrono Boost), Adept  
  37  3:17  Probe (Chrono Boost)  
  41  3:26  Probe (Chrono Boost)  
  42  3:27  Probe (Chrono Boost)  
  42  3:28  Gateway  
  42  3:31  Gateway, Resonating Glaives (Chrono Boost)  
  43  3:39  Probe  
  43  3:41  Probe  
  45  3:46  Dark Shrine  
  44  3:50  Probe  
  44  3:54  Probe  
  46  4:00  Probe  
  47  4:06  Probe, Assimilator  
  48  4:10  Assimilator  
  48  4:11  Probe  
  48  4:15  Pylon  
  49  4:18  Forge, Probe  
  49  4:19  Adept  
  49  4:21  Probe  
  49  4:23  Pylon  
  53  4:32  Probe  
  53  4:33  Adept x2  
  53  4:34  Probe  
  53  4:35  Pylon  
  59  4:44  Probe x2, Adept  
  63  4:54  Adept x2  
  63  4:56  Probe x2  
  69  5:04  Nexus  
  69  5:05  Pylon  
  69  5:08  Probe  
  69  5:10  Probe  
  71  5:20  Probe x2  
  72  5:22  Dark Templar x2  
  72  5:23  Dark Templar  
  79  5:30  Robotics Facility  
  79  5:31  Probe  
  79  5:32  Probe  
  79  5:35  Protoss Ground Weapons Level 1  
  81  5:41  Probe  
  81  5:44  Probe  
  83  5:52  Probe  
  83  5:56  Probe  
  77  6:00  Stalker, Sentry x2  
  77  6:02  Probe  
  79  6:08  Probe  
  81  6:11  Pylon  
  81  6:14  Robotics Facility, Probe  
  81  6:15  Pylon  
  82  6:20  Observer (Chrono Boost), Probe  
  82  6:21  Probe  
  85  6:26  Robotics Facility, Probe  
  85  6:29  Robotics Bay  
  85  6:31  Probe, Stalker x3  
  85  6:32  Archon  
  92  6:33  Probe  
  92  6:35  Assimilator  
  92  6:38  Probe, Assimilator  
  95  6:42  Immortal (Chrono Boost)  
  99  6:50  Pylon  
  97  6:54  Stalker x2  
  97  6:55  Stalker  
  103  7:02  Pylon  
  103  7:12  Gateway  
  103  7:14  Gateway  
  103  7:17  Gateway  
  103  7:18  Disruptor x2 (Chrono Boost)  
  103  7:21  Pylon  
  109  7:33  Gateway, Protoss Ground Weapons Level 2  
  109  7:34  Gateway  
  109  7:37  Pylon  
  109  7:43  Blink  
  107  7:45  Adept x2  
  107  7:46  Adept  
  107  7:50  Disruptor (Chrono Boost)  
  107  7:51  Pylon  
  116  7:53  Pylon  
  116  7:56  Disruptor (Chrono Boost)  
  119  8:00  Pylon  
  119  8:02  Pylon x2  
  119  8:07  Stalker x3  
  125  8:19  Adept  
  127  8:21  Disruptor (Chrono Boost)  
  130  8:34  Disruptor (Chrono Boost), Stalker  
  133  8:35  Adept x3, Stalker  
  143  8:42  Nexus  
  143  8:43  Pylon  
  143  8:45  Pylon  
  143  8:52  Disruptor (Chrono Boost)  
  146  9:05  Disruptor (Chrono Boost), Adept x6  
  146  9:06  Adept x2  
  165  9:14  Photon Cannon  
  165  9:15  Photon Cannon  
  165  9:16  Photon Cannon  
  165  9:26  Disruptor (Chrono Boost)  
  168  9:36  Disruptor (Chrono Boost)  
  171  9:44  Stalker x3  
  171  9:45  Stalker x3  
  183  9:47  Assimilator  
  183  9:51  Pylon, Assimilator  
  166  10:11  Adept x4  
  166  10:12  Adept x2  
  175  10:15  Adept x3  
  175  10:16  Adept x3  
  175  10:19  Disruptor (Chrono Boost)  
  175  10:21  Disruptor (Chrono Boost)  
  179  10:29  Pylon  
  177  10:50  Stalker x2  
Show
View Real Time Build Order
Export as new Build Order

Hydra Zerg 

Build Orders: Hatch First, Lurkers 

Get SALT Encoding   

  12  0:00  Drone  
  13  0:12  Overlord  
  13  0:16  Drone  
  14  0:30  Drone x2  
  14  0:34  Drone  
  17  0:51  Hatchery  
  17  0:54  Drone  
  17  0:57  Drone  
  18  1:06  Drone  
  18  1:08  Extractor  
  18  1:17  Drone  
  19  1:20  Spawning Pool  
  18  1:27  Drone  
  19  1:46  Hatchery  
  19  1:47  Drone  
  19  1:51  Drone  
  20  2:03  Drone  
  20  2:06  Queen  
  23  2:10  Metabolic Boost  
  24  2:15  Drone  
  24  2:22  Queen  
  26  2:28  Overlord  
  26  2:31  Zergling x2  
  26  2:34  Zergling x2  
  28  2:46  Queen  
  28  2:47  Drone  
  28  2:48  Drone  
  28  2:49  Drone  
  33  2:52  Drone  
  33  2:54  Drone  
  35  3:00  Zergling x2  
  35  3:01  Zergling x2  
  35  3:04  Drone  
  38  3:07  Drone  
  38  3:12  Drone x2  
  41  3:13  Drone  
  41  3:18  Overlord  
  41  3:24  Drone  
  41  3:25  Overlord  
  42  3:32  Overlord  
  42  3:37  Drone  
  42  3:40  Drone x4  
  42  3:41  Drone x2  
  48  3:42  Drone  
  48  3:43  Overlord  
  49  3:51  Drone x2  
  51  3:56  Drone  
  51  3:57  Drone  
  51  3:58  Drone x2  
  51  3:59  Roach Warren, Extractor  
  51  4:01  Overlord  
  53  4:03  Drone  
  53  4:07  Drone x2  
  53  4:08  Drone  
  57  4:12  Drone  
  57  4:15  Lair  
  57  4:17  Drone x2  
  58  4:20  Drone x2  
  58  4:21  Drone  
  62  4:25  Extractor  
  62  4:29  Drone x2  
  62  4:30  Drone, Zergling x4  
  62  4:31  Zergling x2  
  67  4:38  Overlord  
  67  4:39  Roach x3  
  67  4:41  Roach  
  75  4:46  Spine Crawler  
  75  4:47  Roach  
  75  4:50  Spine Crawler, Roach  
  76  4:54  Drone x3  
  76  4:55  Extractor  
  76  4:57  Overlord  
  78  5:01  Zergling x4, Roach  
  78  5:02  Zergling x4  
  84  5:10  Drone x3  
  84  5:11  Zergling x2  
  84  5:12  Extractor, Zergling x2  
  84  5:13  Hydralisk Den  
  87  5:18  Zergling x4  
  89  5:25  Zergling x2  
  89  5:26  Zergling x4  
  89  5:39  Zergling x22  
  89  5:41  Evolution Chamber  
  93  5:50  Lurker Den  
  93  5:57  Drone  
  92  5:58  Drone x2  
  92  5:59  Overseer, Drone x2  
  92  6:00  Spore Crawler  
  91  6:04  Evolution Chamber  
  89  6:12  Hatchery  
  89  6:16  Zerg Missile Weapons Level 1  
  89  6:18  Hydralisk  
  89  6:20  Overseer  
  89  6:21  Overlord x4  
  91  6:39  Overlord x3  
  91  6:41  Hydralisk x3  
  97  6:48  Hydralisk x3  
  103  6:56  Hydralisk x4  
  111  7:03  Drone  
  111  7:15  Drone x3  
  114  7:19  Lurker x2, Muscular Augments  
  114  7:20  Lurker  
  114  7:21  Lurker  
  118  7:27  Extractor  
  118  7:28  Lurker  
  118  7:32  Drone x2  
  118  7:34  Drone  
  120  7:37  Drone  
  120  7:38  Hydralisk  
  120  7:39  Hydralisk  
  120  7:42  Overlord x2  
  125  7:44  Drone x4  
  125  7:48  Hydralisk  
  125  7:49  Hydralisk  
  133  7:53  Hydralisk  
  133  7:55  Overseer  
  133  7:56  Hydralisk  
  133  7:57  Hydralisk  
  138  8:07  Hydralisk x2  
  142  8:13  Hatchery  
  142  8:14  Zerg Missile Weapons Level 2  
  141  8:21  Hydralisk x2  
  145  8:36  Spire, Overlord  
  145  8:37  Overlord x3  
  144  8:41  Lurker  
  144  8:44  Spine Crawler  
  144  8:45  Spine Crawler  
  144  8:46  Spine Crawler  
  144  8:48  Spine Crawler, Zergling x12  
  142  8:54  Spine Crawler  
  146  8:57  Lurker x3  
  146  9:02  Hydralisk x2  
  134  9:22  Hydralisk  
  134  9:23  Hydralisk x5  
  143  9:25  Extractor, Zergling x14  
  143  9:30  Extractor  
  148  9:38  Hydralisk x4  
  145  9:44  Drone x3  
  145  9:45  Drone x2  
  158  9:58  Lurker x2  
  128  10:09  Hydralisk x7  
  135  10:23  Lurker x3  
  135  10:25  Hydralisk  
  135  10:28  Drone x2  
  142  10:29  Drone  
  142  10:30  Zergling x12  
  142  10:32  Lurker  
Tags
 
Add a new tag
Caveats
  • Supply blocks, unpowered buildings, or Contaminate may cause inaccurate times.
  • Supply counts are checked every 10 seconds.